 Dungeon Crawl Stone Soup version 0.30-a0-172-gc5509c9e31 (webtiles) character file.

Game seed: 9667986686649119816

8209 lorenzova the Eclecticist (level 11, -4/54 HPs)
             Began as a Deep Elf Conjurer on Oct 1, 2022.
             Shot with an arrow by a centaur warrior (9 damage)
             ... on level 9 of the Dungeon.
             The game lasted 00:29:47 (13403 turns).

lorenzova the Eclecticist (Deep Elf Conjurer)      Turns: 13403, Time: 00:29:48

Health: -4/54      AC:  7    Str:  4    XL:     11   Next: 6%
Magic:  41/41      EV: 12    Int: 28    God:
Gold:   627        SH:  0    Dex: 13    Spells: 27/40 levels left

rFire   . . .      SeeInvis +    h - +2 dagger (elec)
rCold   . . .      Faith    .    (no shield)
rNeg    . . .      Spirit   .    A - +0 steam dragon scales
rPois   .          Reflect  .    k - +1 helmet
rElec   .          Harm     .    (no cloak)
rCorr   .          Rampage  .    (no gloves)
Will    +....                    (no boots)
Stlth   ++........               (no amulet)
HPRegen 0.29/turn                m - ring of see invisible
MPRegen 0.27/turn                i - ring of magical power

@: no status effects
A: no striking features
a: no special abilities


You were on level 9 of the Dungeon.
You visited 2 branches of the dungeon, and saw 10 of its levels.
You also visited: Sewer.

You collected 627 gold pieces.

Inventory:

Hand Weapons
 h - a +2 dagger of electrocution (weapon)
Armour
 a - a +1 ring mail of fire resistance
 f - a +1 ring mail of poison resistance
 k - a +1 helmet (worn)
 A - +0 steam dragon scales (worn)
 E - the +1 leather armour "Viusham" {Fly rF++}
   (You found it on level 9 of the Dungeon)

   rF:        It greatly protects you from fire.
   Fly:       It grants you flight.
Magical Staves
 G - a staff of fire
Jewellery
 i - a ring of magical power (right hand)
 m - a ring of see invisible (left hand)
 o - a +6 ring of strength
 s - a ring of flight
 x - a ring of wizardry
 C - a +6 ring of dexterity
Wands
 n - a wand of polymorph (8)
 z - a wand of mindburst (7)
Scrolls
 g - 3 scrolls of amnesia
 w - a scroll of enchant armour
 y - a scroll of enchant weapon
 F - a scroll of teleportation
Potions
 b - 5 potions of magic
 c - a potion of heal wounds
 d - a potion of haste
 e - 6 potions of curing
 j - 2 potions of ambrosia {unknown}
 l - 3 potions of might
 p - 2 potions of cancellation {unknown}
 q - 2 potions of resistance
 r - 3 potions of brilliance {unknown}
 u - 2 potions of attraction {unknown}
 v - 2 potions of lignification {unknown}
 B - a potion of flight {unknown}


   Skills:
 - Level 2.4 Dodging
 - Level 2.4 Stealth
 * Level 15.0 Spellcasting
 * Level 13.2 Conjurations
 + Level 4.6 Hexes
 + Level 3.9 Translocations


You had 27 spell levels left.
You knew the following spells:

 Your Spells              Type           Power      Damage    Failure   Level
a - Magic Dart            Conj           100%       1d8       0%          1
b - Searing Ray           Conj           100%       2d8       0%          2
c - Iskenderun's Mystic   Conj/Tloc      62%        2d13      1%          4
d - Fulminant Prism       Conj/Hex       31%        3d16      1%          4
p - Blink                 Tloc           86%        N/A       1%          2

Your spell library contained the following spells:

 Spells                   Type           Power      Damage    Failure   Level
 Momentum Strike          Conj/Tloc      100%       3d10      1%          2
 Dazzling Flash           Conj/Hex       100%       N/A       1%          3
 Gell's Gravitas          Tloc           43%        N/A       1%          3
 Lesser Beckoning         Tloc           43%        N/A       1%          3
 Portal Projectile        Hex/Tloc       90%        N/A       1%          3
 Teleport Other           Tloc           43%        N/A       1%          3
 Sting                    Tmut/Pois      84%        1d7       2%          1
 Poisonous Vapours        Pois/Air       42%        N/A       3%          2
 Kindle Blastsparks       Fire/Tloc/Air  56%        2d14      4%          3
 Call Canine Familiar     Summ           21%        N/A       7%          3
 Leda's Liquefaction      Hex/Erth       17%        N/A       9%          4
 Olgreb's Toxic Radiance  Pois           21%        N/A       24%         4
 Starburst                Conj/Fire      27%        6d9       24%         6
 Lee's Rapid Deconstruct  Erth           10%        3d9*      54%         5
 Dispersal                Tloc           21%        N/A       56%         6


Dungeon Overview and Level Annotations

Branches:
Dungeon (9/15)             Temple (1/1) D:5            Lair (0/5) D:9
  Sewer (visited)
    Orc: D:9-12

Altars:
Ashenzari
Cheibriados
Dithmenos
Elyvilon
Fedhas
Gozag
Hepliaklqana
Kikubaaqudgha
Nemelex Xobeh
Okawaru
Qazlal
Ru
Sif Muna
Trog
Wu Jian
Xom
Yredelemnul
The Shining One

Shops:
D:1 :

Annotations:
D:8 exclusion: downstairs


Message History

You are a level 11 Deep Elf Conjurer.
You are 6% of the way to level 12.
Play time: 00:28:51 (13323 turns).
Zot will find you in 24274 turns if you stay in this branch and explore no new floors.
You start removing your armour.
You continue taking off your +0 steam dragon scales. x4
You finish taking off your +0 steam dragon scales.
You start putting on your armour.
You continue putting on the +1 leather armour "Viusham" {Fly rF++}. x5
You finish putting on the +1 leather armour "Viusham" {Fly rF++}.
You fly up into the air.
You start removing your armour.
You continue taking off the +1 leather armour "Viusham" {Fly rF++}. x4
You finish taking off the +1 leather armour "Viusham" {Fly rF++}.
You float gracefully downwards.
You start putting on your armour.
You continue putting on your +0 steam dragon scales. x5
You finish putting on your +0 steam dragon scales.
As you read the scroll of identify, it crumbles to dust.
f - 2 potions of degeneration You drop a +0 robe.
You drop 2 potions of degeneration.
You drop 6 scrolls of noise.
You see here a +1 ring mail of poison resistance.
You see here a phantom mirror.
You see here a +1 ring mail of fire resistance.
a - a +1 ring mail of fire resistance You see here a phantom mirror.
You see here a +1 ring mail of poison resistance.
f - a +1 ring mail of poison resistance You see here a +3 vorpal trident.
You see here a bullfrog skeleton.
Items here: )) [ ÷.
The centaur warrior shouts!
The centaur warrior wields a +0 shortbow.
The centaur warrior shoots an arrow.
The arrow hits you!!
The centaur warrior shoots an arrow.
The arrow hits you!
The centaur warrior shoots an arrow.
The arrow hits you!!
* * * LOW HITPOINT WARNING * * *
The centaur warrior shoots an arrow.
The arrow hits you!
You die...

..........####.....######.###.##.
................P.......#....†.##
...............P..#####.#####†.##
.......)..........# #.#####..##
.............P.c.## #....##..##
#########......###########..##.##
.# ##.....................# .#
#.#######.........##..# .#
##.c....@..#######..#..#
.########..###.#..##..#..##..#.##
....##...........##..#.#..##.....
###.#..#######..##..#...#..##....
#...##.....##.#..#..#..#..#....
#..#####.######.#..#.#..#.#....
###.##.........#.#..#.?.#..##..##
..#.######)#####..#..#.#..#.#....
#.#.#....)÷).......#..#..#..#.#..


You could see a centaur warrior.

Vanquished Creatures
  A two-headed ogre (D:9)
  2 deep elf pyromancers (D:9)
  A manticore (D:9)
  A troll (D:9)
  A slime creature (D:9)
  A vampire (D:9)
  A wyvern (D:8)
  10 yaks
  2 steam dragons (D:6)
  A vampire mosquito (D:9)
  3 water moccasins
  An acid dragon (D:9)
  4 orc warriors (D:9)
  2 ice beasts
  7 black bears
  2 ogres (D:4)
  3 centaurs
  2 kobold brigands
  8 bullfrogs
  A gnoll sergeant (D:9)
  A scorpion (D:5)
  5 wights (D:7)
  4 killer bees (D:9)
  A jelly (D:7)
  4 orc priests
  Ijyb (D:5)
  An iguana (D:5)
  8 orc wizards
  A mummy (D:6)
  Robin (D:2)
  5 adders
  6 gnolls
  4 river rats (D:3)
  4 dart slugs
  3 worms
  21 orcs
  3 bats
  8 endoplasms
  3 giant cockroaches
  13 hobgoblins
  A jackal (Sewer)
  2 quokkas
  8 ball pythons
  12 frilled lizards
  24 goblins
  8 kobolds
  5 rats
211 creatures vanquished.

Vanquished Creatures (others)
  12 fulminant prisms (D:9)
  16 fungi (D:9)
  22 plants
50 creatures vanquished.

Grand Total: 261 creatures vanquished

Notes
Turn   | Place    | Note
-------+----------+-------------------------------------------
     0 | D:1      | lorenzova the Deep Elf Conjurer began the quest for the
                  | Orb.
     0 | D:1      | Reached XP level 1. HP: 10/10 MP: 6/6
    26 | D:1      | Found a faded altar of an unknown god.
   194 | D:1      | Reached XP level 2. HP: 15/15 MP: 2/8
   197 | D:1      | Learned a level 2 spell: Searing Ray
   465 | D:1      | Found Zeneus's Book Shoppe.
  1311 | D:2      | Reached skill level 4 in Spellcasting
  1357 | D:2      | Reached skill level 5 in Conjurations
  1357 | D:2      | Reached XP level 3. HP: 19/19 MP: 5/10
  1647 | D:2      | Noticed Robin
  1706 | D:2      | Killed Robin
  1813 | D:2      | Reached XP level 4. HP: 24/24 MP: 7/12
  2285 | D:2      | You fall into a shaft and drop 2 floors!
  2307 | D:4      | Reached skill level 5 in Spellcasting
  2893 | D:3      | Reached XP level 5. HP: 28/28 MP: 4/14
  2970 | D:3      | Found a glowing drain.
  2988 | Sewer    | Entered a sewer
  3050 | Sewer    | Noticed a water moccasin
  3058 | Sewer    | Killed a water moccasin
  3059 | Sewer    | Reached skill level 6 in Spellcasting
  3678 | D:3      | Reached XP level 6. HP: 32/32 MP: 13/17
  4059 | D:4      | Found a bloodstained altar of Trog.
  4686 | D:4      | Reached skill level 7 in Spellcasting
  4947 | D:5      | Entered Level 5 of the Dungeon
  5193 | D:5      | Reached XP level 7. HP: 36/36 MP: 13/20
  5466 | D:5      | Reached skill level 8 in Spellcasting
  5650 | D:5      | Noticed Ijyb
  5746 | D:5      | Killed Ijyb
  5803 | D:5      | Found a staircase to the Ecumenical Temple.
  5836 | Temple   | Entered the Ecumenical Temple
  5836 | Temple   | Found a transporter.
  5836 | Temple   | Found a transporter.
  5838 | Temple   | Found a transporter.
  5838 | Temple   | Found a transporter.
  6666 | D:6      | Found a sacrificial altar of Ru.
  6928 | D:6      | Noticed a steam dragon
  6960 | D:6      | Killed a steam dragon
  6961 | D:6      | Reached skill level 9 in Spellcasting
  6961 | D:6      | Reached XP level 8. HP: 3/41 MP: 23/23
  7274 | D:6      | Found a snail-covered altar of Cheibriados.
  7706 | D:7      | Reached skill level 10 in Spellcasting
  8046 | D:7      | Reached skill level 11 in Spellcasting
  8046 | D:7      | Reached skill level 10 in Conjurations
  8071 | D:7      | Reached XP level 9. HP: 29/45 MP: 22/26
  8451 | D:7      | Reached skill level 12 in Spellcasting
  8711 | D:7      | Found a glowing golden altar of the Shining One.
  8764 | D:7      | Found a stormy altar of Qazlal.
 10437 | D:8      | Reached skill level 13 in Spellcasting
 10541 | D:8      | Found an opulent altar of Gozag.
 10550 | D:8      | Found a hazy altar of Hepliaklqana.
 10630 | D:8      | HP: 2/45 [wyvern (14)]
 11196 | D:9      | Reached XP level 10. HP: 47/50 MP: 28/29
 11253 | D:9      | Learned a level 2 spell: Blink
 11258 | D:9      | Learned a level 4 spell: Iskenderun's Mystic Blast
 11263 | D:9      | Learned a level 4 spell: Fulminant Prism
 12090 | D:9      | Found a staircase to the Lair.
 12094 | D:9      | Reached skill level 1 in Hexes
 12095 | D:9      | Reached skill level 1 in Translocations
 12201 | D:9      | Noticed a centaur warrior
 12410 | D:9      | Reached skill level 14 in Spellcasting
 12895 | D:9      | Identified the +1 leather armour "Viusham" {Fly rF++}
 12905 | D:9      | Noticed a deep elf pyromancer
 12908 | D:9      | Killed a deep elf pyromancer
 12921 | D:9      | Noticed a two-headed ogre
 12926 | D:9      | Killed a two-headed ogre
 13033 | D:9      | Identified the +1 arbalest of Beogh's Envy {elec, rF+}
 13033 | D:9      | Identified the +4 scale mail of Zaawoon {rPois rF+}
 13143 | D:9      | Noticed a deep elf pyromancer
 13157 | D:9      | Killed a deep elf pyromancer
 13158 | D:9      | Reached skill level 15 in Spellcasting
 13158 | D:9      | Reached XP level 11. HP: 54/54 MP: 16/32
 13403 | D:9      | Shot with an arrow by a centaur warrior

Illustrated notes

Levels and vault maps discovered:
D:1:      sevenhm_arrival_forest_fort_small_3, layout_basic, serial_shops, shop,
          shapermc_ecumenical_altar_mp_ritualfount, minmay_lizard_king
D:2:      layout_basic, serial_shops, nicolae_shop_window_shopping, basic_altar,
          minmay_pentomino_pile, uniq_robin
D:3:      layout_loops_ring, portal_sewer_entry_e
D:4:      layout_loops_ring, kennysheep_little_box,
          chequers_serial_rivers_large_a, minmay_ogre_servants
D:5:      layout_cave_pods, minmay_temple_entry_sparse_star, uniq_ijyb
D:6:      layout_gridville, slow_altar_1, overflow_temple_1_default
D:7:      layout_loops_ring, mainiacjoe_overflow_catwalk_spiral,
          grunt_decor_one_mirror
D:8:      layout_loops_ring, mainiacjoe_overflow_swirl
D:9:      minmay_the_grid_octo_triangle [minmay_the_grid_octo_thin_diamonds,
          minmay_the_grid_octo_prize_ultimate_mussel_roller,
          minmay_the_grid_octo_teeth], layout_basic,
          grunt_lair_entry_orc_guard_hut
Temple:   hellmonk_temple_divided_pantheon

Skill      XL: |  1  2  3  4  5  6  7  8  9 10 |
---------------+-------------------------------+-----
Spellcasting   | 4 5 6 7 9 11 13 15 | 15.0
Conjurations   | 5 6 7 8 10 12 13 | 13.2
Hexes          | 4 |  4.6
Translocations | 3 |  3.9
Dodging        | |  2.4
Stealth        | |  2.4

Action                   |  1- 3 |  4- 6 |  7- 9 | 10-12 || total
-------------------------+-------+-------+-------+-------++-------
Melee: Dagger            |     3 |     5 |       |       ||     8
       Punch             |       |     1 |       |       ||     1
 Cast: Magic Dart        |    70 |    92 |   133 |    16 ||   311
       Searing Ray       |     3 |    11 |    59 |    14 ||    87
       Iskenderun's Myst |       |       |       |    28 ||    28
       Fulminant Prism   |       |       |       |    12 ||    12
  Use: Scroll            |     2 |    12 |     4 |     3 ||    21
       Potion            |       |       |     2 |       ||     2
 Stab: Sleeping          |       |     1 |       |       ||     1
Armor: Robe              |       |     5 |     1 |       ||     6
       Steam dragon scal |       |       |    14 |     3 ||    17
Dodge: Dodged            |     5 |    17 |    42 |    11 ||    75

Table legend: (Time is in decaauts)
 A = Elapsed time spent in this place.
 B = Non-inter-level travel time spent in this place.
 C = Inter-level travel time spent in this place.
 D = Time resting spent in this place.
 E = Time spent auto-exploring this place.
 F = Levels seen in this place.
 G = Mean time per level.
                   A        B        C        D        E       F      G
               +--------+--------+--------+--------+--------+-----+--------+
         Total |  13421 |  12784 |    637 |   5918 |   5072 |  11 | 1220.1 |
       Dungeon |  13216 |  12588 |    628 |   5867 |   5065 |   9 | 1468.4 |
        Temple |     37 |     28 |      9 |      0 |      7 |   1 |   37.0 |
         Sewer |    167 |    167 |      0 |     51 |      0 |   1 |  167.0 |
               +--------+--------+--------+--------+--------+-----+--------+

Top non-repeatable levels by time:
     D:9: 2611 daAuts
     D:7: 1757 daAuts
     D:5: 1499 daAuts
     D:4: 1490 daAuts
     D:6: 1292 daAuts
     D:1: 1262 daAuts
     D:8: 1212 daAuts
     D:3: 1069 daAuts
     D:2: 1022 daAuts
   Sewer: 167 daAuts
  Temple: 37 daAuts
